 Dungeon Crawl Stone Soup version 0.20-a0-441-g89e74e4 (webtiles) character file.

67 AlphabetPasta the Sneak (level 4, -7/24 HPs)
             Began as a Gargoyle Enchanter on Jan 6, 2017.
             Was an Initiate of Ru.
             Killed by divine providence
             ... invoked by an orc priest
              (15 damage)
             ... on level 3 of the Dungeon.
             The game lasted 00:09:44 (2096 turns).

AlphabetPasta the Sneak (Gargoyle Enchanter)        Turns: 2096, Time: 00:09:45

Health: -7/24      AC: 10    Str: 12    XL:     4   Next: 16%
Magic:  3/7        EV: 12    Int: 16    God:    Ru [......]
Gold:   66         SH:  0    Dex: 10    Spells: 1/7 levels left

rFire  . . .     SeeInvis .     a - +1 dagger
rCold  . . .     Gourm    .     b - +0 robe
rNeg   + . .     Faith    .     (no shield)
rPois  ∞         Spirit   .     (no helmet)
rElec  +         Reflect  .     f - +1 cloak
rCorr  .         Harm     .     (no gloves)
MR     .....                    n - +2 pair of boots
Stlth  ++........               (no amulet)
                                (no ring)
                                (no ring)

@: very slightly contaminated
A: negative energy resistance 1, electricity resistance, unbreathing,
petrification resistance, rot immunity, AC +3
a: Renounce Religion


You were on level 3 of the Dungeon.
You worshipped Ru.
Ru was noncommittal.
You were not hungry.

You visited 1 branch of the dungeon, and saw 3 of its levels.

You collected 66 gold pieces.

Inventory:

Hand Weapons
 a - a +1 dagger (weapon)
 l - a +0 long sword
Armour
 b - a +0 robe (worn)
 f - a +1 cloak (worn)
 n - a +2 pair of boots (worn)
Jewellery
 g - a cursed ring of loudness {unknown}
 j - an uncursed ring of fire {unknown}
 o - an uncursed ring of positive energy {unknown}
Potions
 e - 2 potions of curing {unknown}
 i - a potion of heal wounds {unknown}
 k - a potion of invisibility {unknown}
 m - 2 potions of agility {unknown}
Books
 c - a book of Maledictions

   Spells                             Type                      Level
   a - Corona                         Hexes                        1
   b - Ensorcelled Hibernation        Hexes/Ice                    2
   c - Confuse                        Hexes                        3
   d - Tukima's Dance                 Hexes                        3
   e - Dazzling Spray                 Conjuration/Hexes            3
Comestibles
 d - 2 bread rations
 h - a meat ration
 p - a slice of pizza
 q - a chunk of flesh


   Skills:
 + Level 1.5 Short Blades
 + Level 1.9 Dodging
 + Level 4.0 Stealth
 + Level 2.3 Spellcasting
 * Level 3.2 Hexes
 + Level 0.6 Ice Magic


You had one spell level left.
You knew the following spells:

 Your Spells              Type           Power        Failure   Level  Hunger
a - Corona                Hex            ##.....      8%          1    #......
b - Ensorcelled Hibernat  Hex/Ice        #.....       14%         2    ###....
c - Confuse               Hex            ##......     17%         3    ###....


Dungeon Overview and Level Annotations

Branches:
Dungeon (3/15)

Altars:
Ru


Innate Abilities, Weirdness & Mutations

You are resistant to torment.
Your stone body is resilient. (AC +3)
You are immune to poison.
You resist negative energy. (rN+)
You are resistant to electric shocks. (rElec)
You can survive without breathing.
You are immune to petrification.
You are immune to rotting.


Message History

Aiming: Confuse
Press: ? - help, Shift-Dir - straight line, f - orc wizard, p - orc priest
Aim: an orc wizard, wielding a dagger and wearing a robe (fast, chance to defeat MR: 43%)
You miscast Confuse.
You are very lightly contaminated with residual magic.
You hear an indistinct dissonance whispering inside your mind.
The orc wizard barely misses you. The orc hits you with a flail.
The orc wizard misses you.
The orc wizard looks satisfied for a moment.
The orc priest calls upon Beogh to heal the orc.
The orc's wounds heal themselves!
The orc wizard hits you but does no damage.
The orc wizard hits you with a dagger.
Unknown command.
The orc wizard gestures at you while chanting.
The magic dart hits you!
The orc priest invokes the aid of Beogh against you.
Beogh smites you!
Ouch! That really hurt!
You die...

#.# #.## #..# #..#
#.# # #.. . #.# ##.
#.#### ##. #.#
###)..######.#..##
#.. #.#
......[.o.oo.o...#
#.# #.#
###....#####.#.@<###
#.###.# .......
#.##.##.###.....#####
###...#
#.........#..........
#...
#..#..###.#.########.
#...#### #.....#
#...# #. ...
...###..#..###.### #.
..>. .....[#.......#
#. ......##)##.### #.
#.### #.##.# #.


You could see an orc priest, an orc wizard and 2 orcs.

Vanquished Creatures
  An adder (D:2)
  An ooze (D:1)
  A worm (D:2)
  3 dart slugs
  A leopard gecko (D:2)
  An orc (D:3)
  A giant cockroach (D:2)
  4 goblins
  7 hobgoblins
  3 jackals (D:1)
  4 kobolds
  2 quokkas
  3 bats
  3 frilled lizards
  6 rats
41 creatures vanquished.

Notes
Turn   | Place    | Note
-------+----------+-------------------------------------------
     0 | D:1      | AlphabetPasta the Gargoyle Enchanter began the quest for the Orb.
     0 | D:1      | Reached XP level 1. HP: 10/10 MP: 3/3
    18 | D:1      | Reached skill level 1 in Short Blades
   196 | D:1      | Reached XP level 2. HP: 11/15 MP: 1/5
   205 | D:1      | Learned a level 2 spell: Ensorcelled Hibernation
   847 | D:1      | Reached XP level 3. HP: 19/19 MP: 6/6
   852 | D:1      | Learned a level 3 spell: Confuse
  1426 | D:2      | Found a sacrificial altar of Ru.
  1451 | D:2      | Became a worshipper of Ru the Awakened
  1666 | D:2      | Reached skill level 4 in Stealth
  1666 | D:2      | Reached XP level 4. HP: 24/24 MP: 7/7
  2096 | D:3      | Killed from afar by an orc priest

Vault maps used:
D:1:      lightli_arrival_statue_moat
D:2:      lemuel_crystal_altar
D:3:      chequers_temple_overflow_minitemple, kennysheep_pointless_box

Skill      XL: |  1  2  3 |
---------------+----------+-----
Short Blades   | 1 |  1.5
Hexes          | 3 |  3.2
Stealth        | 4 |  4.0
Dodging        | |  1.9
Spellcasting   | |  2.3
Ice Magic      | |  0.6

Action                   |  1- 3 |  4- 6 || total
-------------------------+-------+-------++-------
Melee: Dagger            |    91 |    36 ||   127
 Cast: Corona            |     3 |       ||     3
       Ensorcelled Hiber |    18 |     1 ||    19
       Confuse           |       |     1 ||     1
  Use: Scroll            |     4 |     1 ||     5
 Stab: Sleeping          |    18 |     2 ||    20
  Eat: Chunk             |     4 |     1 ||     5
Armor: Robe              |    20 |    14 ||    34
Dodge: Dodged            |    34 |    28 ||    62
